[Event "BL 2016-17"]
[Site "Germany"]
[Date "2017.02.19"]
[Round "8"]
[White "Thiede, Lars"]
[Black "Boguslavsky, Oleg"]
[Result "1-0"]
[ECO "A00"]
[WhiteElo "2422"]
[BlackElo "2435"]
[Annotator "RC"]
[PlyCount "101"]
[EventDate "2017.??.??"]
[EventType "team-tourn"]
[EventCountry "GER"]
[SourceTitle "playchess.com"]
[Source "ChessBase"]
[SourceQuality "1"]
[WhiteTeam "SF Berlin"]
[BlackTeam "Hockenheim"]
[TimeControl "40/6000+30:3000+30"]

1. g3 e5 2. c4 Nc6 3. Bg2 Bc5 4. Nc3 a6 5. Nf3 d6 6. e3 Bg4 7. h3 Bh5 8. O-O Nf6 9. g4 Bg6 10. d4 Ba7 11. b3 O-O 12. dxe5 dxe5 13. Ba3 Re8 14. Qxd8 Raxd8 15. Nh4 Bd3 16. Rfd1 e4 17. Nf5 h6 18. Rac1 Kh7 19. Na4 Be2 20. Rxd8 Rxd8 21. Bb2 Bf3 22. Bxf6 gxf6 23. Nc3 Bxg2 24. Kxg2 Rd2 25. Nxe4 Rxa2 26. Rd1 Kg6 27. Rd7 Bb6 28. c5 Ba5 29. b4 Ra4 30. Nc3 Rxb4 31. Nd5 Rc4 32. Nf4+ Rxf4 33. exf4 b5 34. Ne3 b4 35. Nc4 b3 36. Rd3 Bb4 37. Rxb3 a5 38. Rb1 Kg7 39. Ra1 Bxc5 40. Nxa5 Nd4 41. Nc4 Ne6 42. Kf3 Nd4+ 43. Ke4 Ne6 44. Ne3 Bf8 45. Nf5+ Kh7 46. Ng3 Ng7 47. Ra8 Bc5 48. f5 Bxf2 49. Ne2 Bc5 50. Kd5 Bd6 51. Nc3 1-0

[Event "BL 2016-17"]
[Site "Germany"]
[Date "2017.02.19"]
[Round "8"]
[White "Walter, Stefan"]
[Black "Bruedigam, Martin"]
[Result "1/2-1/2"]
[ECO "A40"]
[WhiteElo "2414"]
[BlackElo "2405"]
[Annotator "RC"]
[PlyCount "203"]
[EventDate "2017.??.??"]
[EventType "team-tourn"]
[EventCountry "GER"]
[SourceTitle "playchess.com"]
[Source "ChessBase"]
[SourceQuality "1"]
[WhiteTeam "Griesheim"]
[BlackTeam "König Tegel"]
[TimeControl "40/6000+30:3000+30"]

1. d4 Nf6 2. c4 e6 3. g3 Bb4+ 4. Bd2 a5 5. Bg2 d6 6. e4 e5 7. Ne2 Nbd7 8. O-O O-O 9. Nbc3 exd4 10. Nxd4 Re8 11. Qc2 Ne5 12. b3 Bc5 13. Nf5 Nc6 14. Rad1 Nd4 15. Nxd4 Bxd4 16. Nb5 Bb6 17. Bc3 Qe7 18. Rfe1 Bg4 19. Rd2 Rad8 20. h3 Bc8 21. Rde2 Nd7 22. Kh2 h5 23. Bb2 Ne5 24. Qc3 f6 25. f4 Nc6 26. Bf3 Qd7 27. Bg2 Bc5 28. Qd3 Nb4 29. Qf3 Qf7 30. Ba1 Re7 31. Nd4 Bxd4 32. Bxd4 b6 33. g4 Bb7 34. gxh5 Rde8 35. Qg4 Nd3 36. Rd1 f5 37. Qg5 fxe4 38. f5 c5 39. f6 cxd4 40. fxe7 Qf4+ 41. Qxf4 Nxf4 42. Bxe4 Nxe2 43. Bxb7 Rxe7 44. Rd2 Re3 45. Bg2 d3 46. Bf1 Nf4 47. Kg1 Rf3 48. Rf2 Rxf2 49. Kxf2 d2 50. Be2 Kf7 51. Bd1 Kf6 52. Ke3 Ke5 53. Kxd2 Kd4 54. Bg4 Nd3 55. Bf5 Nf4 56. Bg4 a4 57. Kc2 a3 58. Kd2 Nd3 59. Bf5 Nb4 60. Bb1 Nc6 61. Bg6 Nb4 62. Bb1 d5 63. h4 dxc4 64. bxc4 Nc6 65. Bh7 Ne5 66. Bg8 Nxc4+ 67. Kc2 Na5 68. Bf7 b5 69. Bg8 b4 70. Bf7 Nc6 71. Kb3 Kc5 72. Ka4 Ne5 73. Bg8 Nf3 74. Bf7 Nxh4 75. Kb3 Nf3 76. Ka4 Nd4 77. Bg8 Ne2 78. Be6 Nc3+ 79. Kb3 Ne4 80. Bf7 Nf2 81. Ka4 Nh1 82. Bg8 Ng3 83. Bf7 Nf1 84. Bg8 Ne3 85. Bf7 Nd1 86. Bg8 Nb2+ 87. Kb3 Nd3 88. Bf7 Ne5 89. Be8 Nc4 90. Bf7 Nd6 91. Bg8 Kb5 92. Bd5 Nf5 93. Bc4+ Ka5 94. Bf7 Nd4+ 95. Kc4 Nf3 96. Kb3 Nd2+ 97. Kc2 Ne4 98. Kb3 Nc5+ 99. Kc4 Ne4 100. Kb3 Kb5 101. Be8+ Kc5 102. Kc2 1/2-1/2

[Event "BL 2016-17"]
[Site "Germany"]
[Date "2017.02.19"]
[Round "8"]
[White "Koop, Thorben"]
[Black "Meister, Peter"]
[Result "1/2-1/2"]
[ECO "A06"]
[WhiteElo "2400"]
[BlackElo "2363"]
[Annotator "RC"]
[PlyCount "120"]
[EventDate "2017.??.??"]
[EventType "team-tourn"]
[EventCountry "GER"]
[SourceTitle "playchess.com"]
[Source "ChessBase"]
[SourceQuality "1"]
[WhiteTeam "Werder Bremen"]
[BlackTeam "Bayern München"]
[TimeControl "40/6000+30:3000+30"]

1. Nf3 d5 2. d4 Bf5 3. c4 e6 4. Bg5 Be7 5. Bxe7 Nxe7 6. Nc3 Nbc6 7. e3 O-O 8. Be2 a6 9. O-O dxc4 10. Bxc4 Qd6 11. Rc1 Rad8 12. Qe2 e5 13. d5 Na5 14. Rfd1 Bg4 15. Bd3 f5 16. e4 Ng6 17. exf5 Nf4 18. Qe3 Nxd3 19. Qxd3 Rxf5 20. h3 Bxf3 21. Qxf5 Bxd1 22. Rxd1 Nc4 23. Ne4 Qg6 24. Qxg6 hxg6 25. b3 Nd6 26. Ng5 Nb5 27. Ne6 Rd6 28. Rc1 Rxd5 29. Nxc7 Nxc7 30. Rxc7 Rd1+ 31. Kh2 Rd2 32. a4 Rxf2 33. Rxb7 Rb2 34. Kg3 e4 35. Kf4 Rxg2 36. Kxe4 Rg3 37. b4 Rxh3 38. a5 Kh7 39. Kd4 g5 40. Re7 Kg6 41. Re6+ Kf5 42. Rxa6 g4 43. Rc6 g3 44. Rc1 g2 45. Rg1 Rg3 46. Kd5 Kg4 47. a6 Kh3 48. b5 Ra3 49. Kc5 Kh2 50. Rxg2+ Kxg2 51. Kb6 g5 52. Ka7 g4 53. b6 g3 54. b7 Rb3 55. b8=Q Rxb8 56. Kxb8 Kf2 57. a7 g2 58. a8=Q g1=Q 59. Qa7+ Kf1 60. Qxg1+ Kxg1 1/2-1/2

[Event "BL 2016-17"]
[Site "Germany"]
[Date "2017.02.19"]
[Round "8"]
[White "Gauglitz, Gernot"]
[Black "Zwirs, Nico"]
[Result "0-1"]
[ECO "A06"]
[WhiteElo "2394"]
[BlackElo "2402"]
[Annotator "TA"]
[PlyCount "50"]
[EventDate "2017.??.??"]
[EventType "team-tourn"]
[EventCountry "GER"]
[SourceTitle "playchess.com"]
[Source "ChessBase"]
[SourceQuality "1"]
[WhiteTeam "TU Dresden"]
[BlackTeam "Mülheim Nord"]
[TimeControl "40/6000+30:3000+30"]

1. Nf3 d5 2. g3 Nf6 3. Bg2 c6 4. O-O Bf5 5. d4 e6 6. b3 Be7 7. Bb2 O-O 8. c4 h6 9. Nbd2 a5 10. Ne5 Nbd7 11. e3 a4 12. Bc3 Qc7 13. f4 axb3 14. axb3 Rxa1 15. Qxa1 Nxe5 16. fxe5 Ng4 17. Re1 Bg5 18. Nf1 Bd3 19. Bd2 f6 20. Qc3 Bxf1 21. Rxf1 fxe5 22. Rxf8+ Kxf8 23. h3 exd4 24. Qxd4 Ne5 25. Bc3 Nf3+ 0-1

[Event "BL 2016-17"]
[Site "Germany"]
[Date "2017.02.19"]
[Round "8"]
[White "Fruebing, Stefan"]
[Black "Baskin, Robert"]
[Result "1-0"]
[ECO "C06"]
[WhiteElo "2387"]
[BlackElo "2357"]
[Annotator "TA RC"]
[PlyCount "67"]
[EventDate "2017.??.??"]
[EventType "team-tourn"]
[EventCountry "GER"]
[SourceTitle "playchess.com"]
[Source "ChessBase"]
[SourceQuality "1"]
[WhiteTeam "König Tegel"]
[BlackTeam "Griesheim"]
[TimeControl "40/6000+30:3000+30"]

1. e4 e6 2. d4 d5 3. Nd2 Nf6 4. e5 Nfd7 5. Bd3 c5 6. c3 Nc6 7. Ne2 cxd4 8. cxd4 f6 9. exf6 Nxf6 10. O-O Bd6 11. Nf3 O-O 12. Bf4 Nh5 13. Bxd6 Qxd6 14. Ng3 Nf4 15. Re1 Bd7 16. Rc1 Be8 17. a3 Bg6 18. Bb5 Ne7 19. Ne5 Nf5 20. Nxf5 Rxf5 21. Rc3 Qb6 22. Rb3 Rg5 23. Bf1 Bh5 24. g4 Qd8 25. Qc1 Ng6 26. h3 Nxe5 27. dxe5 Be8 28. Bd3 h5 29. f4 Rg6 30. g5 Rc8 31. Qd2 d4 32. Rxb7 Bc6 33. Rb4 a5 34. Rc4 1-0

[Event "BL 2016-17"]
[Site "St. Veit/Glan"]
[Date "2017.03.26"]
[Round "8"]
[White "Lehner, Oliver"]
[Black "Kuntner, Reinhard"]
[Result "1-0"]
[ECO "D28"]
[WhiteElo "2386"]
[BlackElo "2021"]
[Annotator "NA"]
[PlyCount "45"]
[EventDate "2017.??.??"]
[EventType "team-tourn"]
[EventCountry "AUT"]
[SourceTitle "playchess.com"]
[Source "ChessBase"]
[SourceQuality "1"]
[WhiteTeam "Jenbach"]
[BlackTeam "Nickelsdorf"]
[TimeControl "40/5400+30:1800+30"]

1. d4 d5 2. c4 dxc4 3. Nf3 Nf6 4. e3 e6 5. Bxc4 a6 6. O-O c5 7. Qe2 b5 8. Bd3 Nc6 9. dxc5 Bxc5 10. a3 O-O 11. b4 Be7 12. Bb2 Bb7 13. Nbd2 Qd5 14. Rac1 Rfd8 15. Bb1 Rd7 (15... Qh5 $11) 16. Bxf6 gxf6 ({Don't consider} 16... Bxf6 $2 17. Ne4 Qh5 18. Nc5 $18 (18. Nxf6+ gxf6 19. Be4 Ne5 20. Bxb7 Rxb7 $11)) 17. Be4 Qd6 18. Nb3 Ne5 $18 (18... f5 $16 {was called for.} 19. Rfd1 fxe4 20. Rxd6 exf3) 19. Bxb7 Rxb7 20. Rfd1 Qb8 21. Nxe5 Qxe5 22. Na5 Rc7 23. f4 1-0

[Event "BL 2016-17"]
[Site "St. Veit/Glan"]
[Date "2017.03.26"]
[Round "8"]
[White "Dobosz, Henryk"]
[Black "Volkmann, Friedrich Karl"]
[Result "1/2-1/2"]
[ECO "D10"]
[WhiteElo "2385"]
[BlackElo "2402"]
[Annotator "NA"]
[PlyCount "59"]
[EventDate "2017.??.??"]
[EventType "team-tourn"]
[EventCountry "AUT"]
[SourceTitle "playchess.com"]
[Source "ChessBase"]
[SourceQuality "1"]
[WhiteTeam "Bregenz"]
[BlackTeam "Wulkaprodersdorf"]
[TimeControl "40/5400+30:1800+30"]

1. d4 d5 2. c4 c6 3. cxd5 cxd5 4. Nc3 Nf6 5. Bf4 Nc6 6. e3 a6 7. Bd3 Bg4 8. Nge2 e6 9. O-O {[%emt 0:12:26] LiveBook: 363 Games} Be7 10. Qb3 {[%emt 0:12:47] D10: Slav Defence: 3 cxd5 (without early Nf3) and 3 Nc3} (10. Rc1 O-O 11. Na4 Nd7 12. a3 e5 13. dxe5 Ndxe5 14. h3 Bh5 15. Bb1 Bf6 16. Qc2 Bg6 17. Qb3 Bxb1 18. Rxb1 {1-0 (46) Sargissian,G (2686)-Laznicka,V (2679) Dubai 2014}) 10... Na5 11. Qc2 Bh5 12. Bg3 $146 (12. Rac1 Rc8 13. Qa4+ Nc6 14. Qb3 Na5 15. Qa4+ Nc6 16. Qb3 Na5 17. Qa4+ Nc6 18. Qb3 Na5 19. Qa4+ Nc6 20. Qb3 Na5 {½-½ (20) Nestorovic,D (2411)-Kasparov,S (2470) Paracin 2013}) 12... Bg6 13. Nf4 Bxd3 14. Nxd3 O-O 15. Ne5 Rc8 16. Qd3 Nh5 17. Rac1 Nxg3 18. hxg3 Bd6 19. Nf3 Rc7 20. Rc2 Nc6 21. a3 $11 Na5 22. e4 dxe4 23. Nxe4 Rd7 24. Qe3 Nc6 25. Rd2 Ne7 26. Ne5 Nf5 27. Qc3 Rc7 28. Qd3 Qe7 29. Nc4 Rfc8 30. Rc2 1/2-1/2

[Event "BL 2016-17"]
[Site "St. Veit/Glan"]
[Date "2017.03.26"]
[Round "8"]
[White "Handler, Lukas"]
[Black "Hiebler, Laura"]
[Result "1-0"]
[ECO "A05"]
[WhiteElo "2377"]
[BlackElo "2025"]
[Annotator "NA"]
[PlyCount "71"]
[EventDate "2017.??.??"]
[EventType "team-tourn"]
[EventCountry "AUT"]
[SourceTitle "playchess.com"]
[Source "ChessBase"]
[SourceQuality "1"]
[WhiteTeam "Maria Saal"]
[BlackTeam "St. Veit"]
[TimeControl "40/5400+30:1800+30"]

1. Nf3 Nf6 2. g3 b6 3. Bg2 Bb7 4. O-O e6 5. c4 c5 6. b3 Be7 7. Bb2 O-O 8. e3 Nc6 9. Qe2 {[%emt 0:03:57] LiveBook: 22 Games} d5 10. d3 Rc8 11. Nc3 a6 12. Rac1 {[%emt 0:04:28] A14: English Opening: 1...e6 with b3 by White} Qc7 13. cxd5 exd5 14. Rfd1 b5 15. e4 d4 $146 (15... Rfe8 $1 $11 {keeps the balance.}) 16. Nd5 Nxd5 17. exd5 Nb4 {[%emt 0:01:05] [#]} 18. Nxd4 $16 Qd7 19. d6 {[%emt 0:09:49] ½-½ (51) McNab,C (2463)-McClement,A (2022) Hamilton 2010} Bf6 20. Bxb7 Rb8 21. Bg2 cxd4 22. a3 Na2 23. Rc6 Nc3 24. Bxc3 dxc3 25. Rxa6 b4 26. Bd5 bxa3 27. Qa2 Bd4 28. Rc1 Rfc8 29. Rxa3 Qxd6 30. Bc4 Rc7 31. Ra8 Rcb7 32. Re1 Rxa8 33. Qxa8+ Rb8 34. Re8+ Rxe8 35. Qxe8+ Qf8 36. Bxf7+ 1-0

[Event "BL 2016-17"]
[Site "Germany"]
[Date "2017.02.19"]
[Round "8"]
[White "Muse, Drazen"]
[Black "Spitzl, Vinzent"]
[Result "1/2-1/2"]
[ECO "E52"]
[WhiteElo "2355"]
[BlackElo "2210"]
[Annotator "NA"]
[PlyCount "158"]
[EventDate "2017.??.??"]
[EventType "team-tourn"]
[EventCountry "GER"]
[TimeControl "40/6000+30:3000+30"]

1. d4 d5 2. c4 e6 3. Nf3 Nf6 4. Nc3 Bb4 5. e3 O-O 6. Bd3 b6 7. O-O Bb7 8. cxd5 exd5 9. a3 Bxc3 10. bxc3 Ba6 11. Bxa6 Nxa6 12. Qa4 Qc8 13. c4 c5 14. cxd5 cxd4 15. Qxd4 Qc5 16. Qd3 b5 17. e4 Qc4 18. Qxc4 bxc4 19. Ne5 Nxe4 20. Nxc4 Rfd8 21. Be3 Rxd5 22. Rfd1 Nc3 23. Rxd5 Nxd5 24. Bd4 Nac7 25. Rd1 h6 26. g3 a6 27. Nd6 Nb5 28. Nxb5 axb5 29. Bxg7 Kxg7 30. Rxd5 Rxa3 31. Rxb5 Kg6 32. Kg2 h5 33. Rb4 f6 34. Rf4 Rb3 35. Kh3 Kg5 36. Ra4 Rb2 37. f4+ Kg6 38. Ra1 Rf2 39. Rh1 Kh6 40. Kh4 Kg6 41. h3 Ra2 42. Rb1 Ra5 43. Rb8 Rf5 44. Rg8+ Kh7 45. Ra8 Kg6 46. Ra6 Kh6 47. Ra4 Rb5 48. Ra6 Rf5 49. Ra4 Rb5 50. g4 hxg4 51. hxg4 Rb1 52. Ra6 Kg7 53. Rd6 Ra1 54. Kg3 Ra3+ 55. Kf2 Rb3 56. Re6 Kf7 57. Ra6 Kg7 58. Re6 Kf7 59. f5 Kg7 60. Re3 Rb7 61. Kg3 Ra7 62. Kh4 Kf7 63. Rb3 Rc7 64. Kh5 Kg7 65. Rb6 Ra7 66. g5 fxg5 67. Kxg5 Kf7 68. Rf6+ Kg7 69. Rg6+ Kf7 70. Rh6 Ra1 71. Rh7+ Kg8 72. Rb7 Ra6 73. Rc7 Kf8 74. Rh7 Kg8 75. Re7 Kf8 $11 76. Re4 Kf7 77. Rc4 Rb6 78. Rc7+ Kf8 79. Rd7 Ra6 1/2-1/2

[Event "BL 2016-17"]
[Site "St. Veit/Glan"]
[Date "2017.03.26"]
[Round "8"]
[White "Baenziger, Fabian"]
[Black "Kvetny, Mark"]
[Result "1-0"]
[ECO "D30"]
[WhiteElo "2341"]
[BlackElo "2372"]
[Annotator "ChessBase"]
[PlyCount "87"]
[EventDate "2017.??.??"]
[EventType "team-tourn"]
[EventCountry "AUT"]
[SourceTitle "playchess.com"]
[Source "ChessBase"]
[SourceQuality "1"]
[BlackTeam "Götzis"]
[TimeControl "40/5400+30:1800+30"]

1. d4 d5 2. c4 e6 3. Nf3 dxc4 4. Nc3 a6 5. a4 Nc6 6. e4 Na5 7. Be3 Nf6 8. Nd2 Bb4 9. f3 c5 10. Nxc4 cxd4 11. Bxd4 Nxc4 12. Bxc4 Qc7 13. Qe2 e5 14. Be3 Bxc3+ 15. bxc3 Bd7 16. O-O Rc8 17. Bd3 Be6 18. Rab1 O-O 19. Rfc1 Nd7 20. Qf2 Qc6 21. c4 Rc7 22. a5 Rfc8 23. f4 f6 24. f5 Bf7 25. c5 Qa4 26. Rc2 Qxa5 27. Rbc1 Nb8 28. Rc3 Qa4 29. g4 Rd7 30. g5 Rcd8 31. Qe2 Nc6 32. gxf6 gxf6 33. Kf2 Kf8 34. Bc4 Nd4 35. Qg4 Re7 36. Qh4 Bxc4 37. Qxf6+ Ke8 38. Bg5 Nc6 39. Rxc4 Qa2+ 40. R1c2 Qb1 41. Qh8+ Kd7 42. Rd2+ Kc7 43. Rxd8 Qa2+ 44. Rd2 1-0

[Event "BL 2016-17"]
[Site "St. Veit/Glan"]
[Date "2017.03.26"]
[Round "8"]
[White "Wallner, Joachim"]
[Black "Repkova, Eva"]
[Result "1/2-1/2"]
[ECO "A01"]
[WhiteElo "2322"]
[BlackElo "2328"]
[Annotator "NA"]
[PlyCount "64"]
[EventDate "2017.??.??"]
[EventType "team-tourn"]
[EventCountry "AUT"]
[SourceTitle "playchess.com"]
[Source "ChessBase"]
[SourceQuality "1"]
[WhiteTeam "Wulkaprodersdorf"]
[BlackTeam "Bregenz"]
[TimeControl "40/5400+30:1800+30"]

1. b3 e5 2. Bb2 Nc6 3. e3 d5 4. Bb5 f6 5. f4 {[%emt 0:07:39] A01: Nimzowitsch-Larsen Opening} (5. d4 e4 6. Be2 f5 7. c4 Nf6 8. Nc3 Be6 9. Nh3 Bf7 10. a3 h6 11. Nf4 Ne7 12. h4 c6 13. h5 {1-0 (33) Barbosa,O (2579)-Dzhumaev,M (2557) Bangkok 2014}) 5... exf4 6. exf4 Qe7+ 7. Qe2 Bg4 $146 (7... Bd7 8. Nc3 Qxe2+ 9. Ngxe2 Nge7 10. O-O-O a6 11. Bxc6 Bxc6 12. Nd4 Bd7 {½-½ (29) Dumpor,A (2404)-Bozanic,I (2270) Split 2010}) 8. Bxc6+ bxc6 9. Qxe7+ Bxe7 10. h3 Bh5 11. Ne2 Bd6 12. g4 Bg6 13. d3 ({White should try} 13. f5 $11 Bf7 14. Nbc3) 13... Kd7 14. Nd2 ({Better is} 14. Nbc3 $11) 14... Re8 15. Kf2 h5 16. Nf3 Nh6 17. Nh4 Bh7 18. gxh5 Nf5 19. Nxf5 Bxf5 20. Ng3 Be6 21. Kf3 d4 22. Rhg1 c5 ({But not} 22... Bxh3 23. Bxd4 c5 24. Bc3 $14) 23. Rae1 Bxh3 24. Rxe8 Rxe8 25. Ne4 Re7 $1 26. h6 gxh6 27. Nxf6+ Kc6 28. Bc1 Re6 29. Rh1 Bf5 30. Ne4 $11 Rg6 31. Bd2 Be7 32. Kf2 Bg4 1/2-1/2

[Event "BL 2016-17"]
[Site "Germany"]
[Date "2017.02.19"]
[Round "8"]
[White "Buckels, Valentin"]
[Black "Hoffmann, Paul"]
[Result "0-1"]
[ECO "E46"]
[WhiteElo "2300"]
[BlackElo "2373"]
[Annotator "TA RC"]
[PlyCount "82"]
[EventDate "2017.??.??"]
[EventType "team-tourn"]
[EventCountry "GER"]
[SourceTitle "playchess.com"]
[Source "ChessBase"]
[SourceQuality "1"]
[WhiteTeam "Mülheim Nord"]
[BlackTeam "TU Dresden"]
[TimeControl "40/6000+30:3000+30"]

1. d4 Nf6 2. c4 e6 3. Nc3 Bb4 4. e3 O-O 5. Nge2 d5 6. a3 Be7 7. cxd5 exd5 8. b4 a5 9. b5 Re8 10. Ng3 c5 11. bxc6 Nxc6 12. Be2 g6 13. O-O Bd6 14. Qb3 h5 15. Bf3 Be6 16. Qxb7 Rc8 17. Bd2 Re7 18. Qb3 h4 19. Nge2 g5 20. g3 Kg7 21. Qb5 Na7 22. Qd3 Qd7 23. Bg2 Bh3 24. f4 Bxg2 25. Kxg2 Rh8 26. f5 Bb8 27. Qa6 Rh6 28. Qxa5 Nc6 29. Qb5 Re8 30. e4 hxg3 31. hxg3 Reh8 32. Rh1 Nxe4 33. Nxe4 Qxf5 34. Nf2 Rh2+ 35. Rxh2 Rxh2+ 36. Kxh2 Qxf2+ 37. Kh3 g4+ 38. Kxg4 Nxd4 39. Nxd4 Qxg3+ 40. Kh5 Qh3+ 41. Kg5 f6# 0-1

[Event "BL 2016-17"]
[Site "St. Veit/Glan"]
[Date "2017.03.26"]
[Round "8"]
[White "Deglmann, Ludwig"]
[Black "Tober, Gerhard"]
[Result "1/2-1/2"]
[ECO "A53"]
[WhiteElo "2300"]
[BlackElo "2260"]
[Annotator "NA"]
[PlyCount "59"]
[EventDate "2017.??.??"]
[EventType "team-tourn"]
[EventCountry "AUT"]
[SourceTitle "playchess.com"]
[Source "ChessBase"]
[SourceQuality "1"]
[WhiteTeam "Absam"]
[BlackTeam "St. Valentin"]
[TimeControl "40/5400+30:1800+30"]

1. d4 Nf6 2. c4 d6 3. Nc3 e5 4. d5 c6 5. e4 Be7 6. f3 Na6 7. Be3 Qa5 8. a3 cxd5 9. cxd5 Bd7 10. Bd3 O-O 11. b4 Qd8 12. Nge2 Nh5 13. Qd2 $14 h6 14. g4 Bh4+ 15. Kf1 Nf6 16. h3 Nh7 17. Kg2 Re8 18. Nb5 Bxb5 19. Bxb5 Re7 20. Bxa6 bxa6 21. Rac1 Nf8 22. Rc6 a5 23. b5 Ng6 24. Rb1 Rd7 25. Qc3 Bg5 26. Bf2 Bh4 27. Be3 Bg5 28. Bf2 Bh4 29. Be3 Bg5 30. Bf2 1/2-1/2

[Event "BL 2016-17"]
[Site "St. Veit/Glan"]
[Date "2017.03.26"]
[Round "8"]
[White "Hebesberger, Thomas"]
[Black "Kreisl, Robert"]
[Result "0-1"]
[ECO "A06"]
[WhiteElo "2299"]
[BlackElo "2426"]
[Annotator "ChessBase"]
[PlyCount "48"]
[EventDate "2017.??.??"]
[EventType "team-tourn"]
[EventCountry "AUT"]
[SourceTitle "playchess.com"]
[Source "ChessBase"]
[SourceQuality "1"]
[WhiteTeam "St. Veit"]
[BlackTeam "Maria Saal"]
[TimeControl "40/5400+30:1800+30"]

1. c4 e6 2. Nf3 d5 3. e3 Nf6 4. b3 c5 5. Bb2 Nc6 6. cxd5 exd5 7. Be2 d4 8. Bb5 dxe3 9. Bxc6+ bxc6 10. dxe3 Qxd1+ 11. Kxd1 Ne4 12. Ke1 c4 13. Nfd2 Bb4 14. a3 Bxd2+ 15. Nxd2 Nxd2 16. Kxd2 cxb3 17. Bxg7 Rg8 18. Be5 Bf5 19. Kc3 Bc2 20. g3 Ke7 21. Rac1 Ke6 22. Bd4 c5 23. Bxc5 Rac8 24. Kb4 a5+ 0-1

[Event "BL 2016-17"]
[Site "Germany"]
[Date "2017.02.19"]
[Round "8"]
[White "Nothnagel, Holger"]
[Black "Sarbok, Torsten"]
[Result "1-0"]
[ECO "A13"]
[WhiteElo "2299"]
[BlackElo "2318"]
[Annotator "TA RC"]
[PlyCount "75"]
[EventDate "2017.??.??"]
[EventType "team-tourn"]
[EventCountry "GER"]
[SourceTitle "playchess.com"]
[Source "ChessBase"]
[SourceQuality "1"]
[WhiteTeam "Griesheim"]
[BlackTeam "König Tegel"]
[TimeControl "40/6000+30:3000+30"]

1. Nf3 d5 2. c4 e6 3. g3 d4 4. Bg2 c5 5. O-O Nc6 6. e3 Nf6 7. exd4 cxd4 8. d3 Be7 9. a3 a5 10. Re1 O-O 11. Bf4 Nd7 12. Ne5 Ncxe5 13. Bxe5 Nc5 14. Qc2 f6 15. Bf4 e5 16. Bc1 Bf5 17. Bf1 Qd7 18. Nd2 Rfc8 19. Rb1 a4 20. b4 axb3 21. Nxb3 b5 22. Nd2 bxc4 23. Nxc4 Na4 24. Bg2 Ra7 25. Bd2 Rac7 26. Rbc1 Kh8 27. Be4 Be6 28. Ba5 Ra7 29. Bb4 Qd8 30. Qe2 Bxb4 31. axb4 Nc3 32. Qh5 Nxe4 33. Rxe4 Bf7 34. Qe2 Rb7 35. f4 Bd5 36. fxe5 Bxe4 37. Qxe4 fxe5 38. Qxb7 1-0

[Event "BL 2016-17"]
[Site "St. Veit/Glan"]
[Date "2017.03.26"]
[Round "8"]
[White "Anistratov, Dmitriy"]
[Black "Burschowsky, Matthias"]
[Result "1/2-1/2"]
[ECO "A04"]
[WhiteElo "2292"]
[BlackElo "2192"]
[Annotator "ChessBase"]
[PlyCount "137"]
[EventDate "2017.??.??"]
[EventType "team-tourn"]
[EventCountry "AUT"]
[SourceTitle "playchess.com"]
[Source "ChessBase"]
[SourceQuality "1"]
[WhiteTeam "Götzis"]
[BlackTeam "Hohenems"]
[TimeControl "40/5400+30:1800+30"]

1. Nf3 c5 2. c3 Nf6 3. d3 g6 4. e4 d6 5. Be2 Bg7 6. O-O O-O 7. Nbd2 Nc6 8. a4 a6 9. Re1 Rb8 10. Bf1 Nd7 11. Nb3 b5 12. axb5 axb5 13. Bg5 b4 14. Qc2 Qb6 15. Nfd2 h6 16. Be3 Ba6 17. Ra2 Ra8 18. Rea1 Bb7 19. Nc4 Qc7 20. Nba5 Nxa5 21. Nxa5 bxc3 22. bxc3 Rfb8 23. Nxb7 Rxa2 24. Rxa2 Qxb7 25. d4 Kh7 26. f3 cxd4 27. cxd4 Qb6 28. Qd2 Qb3 29. Rc2 Qa4 30. Ra2 Qb3 31. Rc2 Qa4 32. Rc4 Qa1 33. Rc1 Rb1 34. Rxb1 Qxb1 35. Kf2 Qa1 36. Bc4 e6 37. Bf1 Qa4 38. Qb2 Qa7 39. Qb4 Qc7 40. Qc4 Qxc4 41. Bxc4 Nb6 42. Bb5 d5 43. Ke2 Kg8 44. Kd3 g5 45. Bd2 Bf8 46. Ba5 dxe4+ 47. fxe4 Nc8 48. Ba6 Ne7 49. Bc4 Nc8 50. Bb5 Bd6 51. g3 h5 52. Ke3 Kg7 53. d5 exd5 54. exd5 f5 55. Bc3+ Kf7 56. Bd7 Ne7 57. Be6+ Kg6 58. Kf2 f4 59. gxf4 gxf4 60. Kf3 Nf5 61. Ke4 Ne3 62. Kf3 Nf5 63. h3 Kg5 64. Be1 Kf6 65. Bf2 Ng7 66. Bd4+ Be5 67. Bxe5+ Kxe5 68. Bf7 h4 69. Be6 1/2-1/2

[Event "BL 2016-17"]
[Site "Germany"]
[Date "2017.02.19"]
[Round "8"]
[White "Eichler, Christoph"]
[Black "Carlstedt, Jonathan"]
[Result "1-0"]
[ECO "E19"]
[WhiteElo "2290"]
[BlackElo "2424"]
[Annotator "TA"]
[PlyCount "101"]
[EventDate "2017.??.??"]
[EventType "team-tourn"]
[EventCountry "GER"]
[SourceTitle "playchess.com"]
[Source "ChessBase"]
[SourceQuality "1"]
[WhiteTeam "Zugzwang München"]
[BlackTeam "Hamburger SK"]
[TimeControl "40/6000+30:3000+30"]

1. Nf3 Nf6 2. c4 e6 3. g3 a6 4. Bg2 b5 5. b3 Bb7 6. O-O Be7 7. Nc3 b4 8. Na4 d6 9. Bb2 Nbd7 10. d3 c5 11. e4 Qc7 12. Qe2 O-O 13. e5 dxe5 14. Nxe5 Bxg2 15. Kxg2 Nxe5 16. Bxe5 Qc6+ 17. Qf3 Qxf3+ 18. Kxf3 Nd7 19. Bf4 e5 20. Be3 f5 21. Ke2 f4 22. Bc1 f3+ 23. Kd1 e4 24. dxe4 Nf6 25. Kc2 Nxe4 26. Be3 Rae8 27. Rad1 Bg5 28. Bxg5 Nxg5 29. Nxc5 Re2+ $16 30. Rd2 Rfe8 31. Rfd1 a5 32. h4 Nh3 33. Nd3 Rxd2+ 34. Rxd2 Ng1 35. Nf4 Ne2 36. Nd5 Re5 37. Rd3 h6 38. Kd2 Ng1 39. Re3 Rxe3 40. Kxe3 g5 41. hxg5 hxg5 42. Ne7+ Kf7 43. Nc6 Kf6 44. Nxa5 Kf5 45. Nc6 g4 46. Nxb4 Ne2 47. Nd3 Nc3 48. a4 Ne4 49. a5 Nd6 50. a6 Nc8 51. b4 {[%emt 0:00:52] Ke4+ Kxe4} 1-0

[Event "BL 2016-17"]
[Site "St. Veit/Glan"]
[Date "2017.03.26"]
[Round "8"]
[White "Herbrechtsmeier, Christof"]
[Black "Mesaros, Florian"]
[Result "1-0"]
[ECO "C54"]
[WhiteElo "2228"]
[BlackElo "2382"]
[Annotator "NA"]
[PlyCount "87"]
[EventDate "2017.??.??"]
[EventType "team-tourn"]
[EventCountry "AUT"]
[SourceTitle "playchess.com"]
[Source "ChessBase"]
[SourceQuality "1"]
[WhiteTeam "Bregenz"]
[BlackTeam "Wulkaprodersdorf"]
[TimeControl "40/5400+30:1800+30"]

1. e4 e5 2. Nf3 Nc6 3. Bc4 Bc5 4. c3 Nf6 5. d4 exd4 6. cxd4 Bb4+ 7. Bd2 Nxe4 8. Bxb4 Nxb4 9. Bxf7+ Kxf7 10. Qb3+ {[%emt 0:00:06] C54: Giuoco Piano: 4 c3 Nf6, main lines with 5 d4 and 5 d3} Kf8 11. Qxb4+ Qe7 12. Qxe7+ Kxe7 13. Nc3 (13. O-O Kd8 14. Re1 Nf6 15. Nc3 d6 16. Ng5 Rf8 17. Re3 h6 18. Nge4 Nxe4 19. Rxe4 Bf5 20. Re3 Kd7 21. Rae1 Rae8 {½-½ (21) Pert,N (2570)-Adams,M (2727) Bournemouth 2016}) 13... Nxc3 14. bxc3 d6 15. Nd2 Be6 16. Nf1 a5 $146 (16... c5 17. Ne3 b5 {½-½ (70) Wang,Y (2422)-Zhao,J (2578) Zhongshan 2014}) 17. Ne3 b5 18. a3 Kd7 19. d5 Bf7 20. Kd2 Bg6 21. Rhd1 Rhf8 22. Ke1 Rf4 23. Rd4 Raf8 24. Ra2 Rxd4 25. cxd4 Rf4 26. Rd2 c5 27. dxc6+ Kxc6 28. Kd1 b4 29. a4 Rf8 30. Kc1 Rc8 31. Kb2 Kb7 32. d5 Kb6 33. Rd4 Rc3 34. Rc4 Rd3 35. Rc6+ Kb7 36. Rxd6 Rd2+ 37. Kb3 Rxf2 38. Rd7+ Kb6 39. Rxg7 Bb1 40. Nc4+ Ka6 41. Nb2 Bc2+ 42. Kc4 Bg6 43. Kb3 $17 Rc2 44. Rxg6+ 1-0